 Dungeon Crawl Stone Soup version 0.28.0-45-g0d030f2227 (webtiles) character file.

Game seed: 5456366605298021867

1801 zeratav the Insei (level 9, -1/60 HPs)
             Began as an Octopode Transmuter on Apr 10, 2022.
             Slain by a meliai zombie (6 damage)
             ... on level 6 of the Dungeon.
             The game lasted 00:12:29 (8121 turns).

zeratav the Insei (Octopode Transmuter)             Turns: 8121, Time: 00:12:29

Health: -1/60      AC:  2    Str:  9    XL:     9   Next: 9%
Magic:  0/12       EV: 23    Int: 16    God:
Gold:   301        SH:  0    Dex: 21    Spells: 8/12 levels left

rFire   . . .      SeeInvis .     - Unarmed
rCold   . . .      Faith    .   (shield currently unavailable)
rNeg    . . .      Spirit   +   (helmet currently unavailable)
rPois   x          Reflect  .   B - amulet of guardian spirit
rElec   .          Harm     .   (no ring)
rCorr   .          Rampage  .   (no ring)
Will    .....                   (no ring)
Stlth   +++.......              (no ring)
HPRegen 0.20/turn               (no ring)
MPRegen 0.13/turn               (no ring)
                                (no ring)
                                (no ring)

@: spider-form (expiring)
A: venomous fangs, almost no armour, (amphibious), 8 rings, tiny, (camouflage
1), (gelatinous body 1), (nimble swimmer 1), (tentacles)
a: End Transformation


You were on level 6 of the Dungeon.
You were a venomous arachnid creature.
You visited 2 branches of the dungeon, and saw 7 of its levels.
You also visited: Ossuary.

You collected 301 gold pieces.


Innate Abilities, Weirdness & Mutations

You are a venomous arachnid creature.
You have poisonous fangs.
You are tiny and dextrous.
Your spellcasting is less reliable in this form.
Your armour is entirely melded.
You are incapable of wielding weapons or throwing items.
You cannot wear most types of armour.
((You are amphibious.))
You can wear up to eight rings at the same time.
((Your skin changes colour to match your surroundings (Stealth+).))
((Your rubbery body absorbs attacks. (AC +1, EV +1)))
((You are camouflaged when in or above water. (Stealth+)))
((You have tentacles for arms and can constrict up to eight enemies at once.))


   Skills:
 + Level 4.9 Fighting
 + Level 5.2 Dodging
 - Level 5.0 Stealth
 * Level 7.7 Unarmed Combat
 - Level 2.0 Spellcasting
 + Level 3.5 Transmutations
 + Level 2.6 Ice Magic


You had 8 spell levels left.
You knew the following spells:

 Your Spells              Type           Power      Damage    Failure   Level
a - Beastly Appendage     Tmut           24%        N/A       14%         1
b - Spider Form           Tmut/Pois      7%         N/A       52%         3

Your spell library contained the following spells:

 Spells                   Type           Power      Damage    Failure   Level
 Wereblood                Tmut           12%        N/A       21%         2
 Sublimation of Blood     Necr           1%         N/A       52%         2
 Ice Form                 Ice/Tmut       11%        N/A       73%         4
 Summon Hydra             Summ           0%         N/A       100%        7

Inventory:

Hand Weapons
 k - a +2 dagger of protection (melded) {short}
   (You took it off Jessica on level 3 of the Dungeon)
Magical Staves
 i - a staff of conjuration {@e2staff}
   (You found it on level 3 of the Dungeon)
Jewellery
 B - an amulet of guardian spirit (around neck)
   (You found it on level 6 of the Dungeon)
Wands
 l - a wand of polymorph (6)
   (You took it off Jessica on level 3 of the Dungeon)
 p - a wand of iceblast (11)
   (You found it on level 5 of the Dungeon)
 w - a wand of flame (21)
   (You found it on level 5 of the Dungeon)
 y - a wand of mindburst (2)
   (You found it on level 5 of the Dungeon)
Scrolls
 a - a scroll of enchant armour {unknown}
 e - 2 scrolls of fear {unknown}
 g - 2 scrolls of teleportation {unknown}
 h - 7 scrolls of identify {unknown}
 m - 2 scrolls of immolation {!r!r}
 r - a scroll of blinking {unknown}
 u - a scroll of amnesia {unknown}
 v - a scroll of summoning {unknown}
 x - a scroll of enchant weapon {unknown}
Potions
 b - 6 potions of heal wounds {unknown}
 c - 2 potions of resistance {unknown}
 d - 4 potions of curing {unknown}
 f - a potion of berserk rage {unknown}
 j - a potion of might {unknown}
 n - 2 potions of attraction {unknown}
 o - 2 potions of haste {unknown}
 q - 2 potions of magic {unknown}
 s - 2 potions of brilliance {unknown}
 t - a potion of ambrosia {unknown}
 z - a potion of flight {unknown}
 A - a potion of mutation {unknown}

Dungeon Overview and Level Annotations

Branches:
Dungeon (6/15)             Temple (1/1) D:6         Ossuary (visited)

Altars:
Ashenzari
Cheibriados
Elyvilon
Fedhas
Gozag
Hepliaklqana
Kikubaaqudgha
Nemelex Xobeh
Qazlal
Sif Muna
Trog
Vehumet
Wu Jian
Yredelemnul
Zin
The Shining One

Shops:
D:1

! ####.###......#
#.###.....##...#
#.##......##...+
###.......####(..# #....######
#...# #.##.###$.?# #...#
###.##.##$....##...# ########
#...##.#)......#...####......#
..####.#.......Zs..##...)..#.###
### #.#[......#...##.....##...#
#.##[....##...#......##...#
##.###).$# #........####.#.#
####..#####################.#.#
##....###....................#.#
..........................###..#
.##..#############.######.....##
....## #...###...####


You could see a meliai zombie.


Message History

The meliai zombie closely misses you. x2; The meliai zombie barely misses you.
HP[-9] MP[-3]
You take 9 damage, and now have 42/54 hp.
You lost 3 mp, and now have 6/11 mp.
You hit the meliai zombie but do no damage.
Your tentacle spike misses the meliai zombie.
You squeeze the meliai zombie. You constrict the meliai zombie.
The meliai zombie barely misses you. x2; The meliai zombie hits you. x2
The meliai zombie misses you. The meliai zombie barely misses you. x2
The meliai zombie hits you.
HP[-7]
You take 7 damage, and now have 35/54 hp.
Casting: Beastly Appendage (safe; 5% risk of failure)
Confirm with . or Enter, or press ? or * to list all spells.
Your tentacle spike disappears.
You turn into a venomous arachnid creature.
Your +2 dagger of protection {short} melds into your body.
Your +2 dagger of protection {short} goes still.
You lose your grip on the meliai zombie.
The meliai zombie completely misses you.
The meliai zombie misses you. The meliai zombie hits you.
The meliai zombie completely misses you.
The meliai zombie closely misses you. x2; The meliai zombie misses you.
The meliai zombie hits you but does no damage.
HP[-5] MP[-3]
You take 5 damage, and now have 30/54 hp.
You lost 3 mp, and now have 3/11 mp.
You bite the meliai zombie!
The meliai zombie completely misses you.
The meliai zombie closely misses you.
The meliai zombie completely misses you.
The meliai zombie hits you.
HP[-1]
You take 1 damage, and now have 29/54 hp.
You bite the meliai zombie!
The meliai zombie completely misses you.
The meliai zombie hits you.
* * * LOW HITPOINT WARNING * * *
The meliai zombie barely misses you.
The meliai zombie completely misses you.
The meliai zombie barely misses you. The meliai zombie hits you.
* * * LOW HITPOINT WARNING * * *
The meliai zombie hits you but does no damage.
The meliai zombie closely misses you.
You are too injured to fight recklessly!
You are too injured to fight recklessly!
You are too injured to fight recklessly!
You are too injured to fight recklessly!
HP[-10]
You take 10 damage, and now have 19/54 hp.
You are too injured to fight recklessly!
You are too injured to fight recklessly!
You are too injured to fight recklessly!
You are too injured to fight recklessly!
You are too injured to fight recklessly!
You are too injured to fight recklessly!
You are too injured to fight recklessly!
You are too injured to fight recklessly!
You hit the meliai zombie. The meliai zombie hits you.
* * * LOW HITPOINT WARNING * * *
The meliai zombie hits you.
* * * LOW HITPOINT WARNING * * *
The meliai zombie closely misses you. The meliai zombie hits you!
* * * LOW HITPOINT WARNING * * *
The meliai zombie completely misses you.
The meliai zombie barely misses you.
HP[-13] MP[-1]
You take 13 damage, and now have 6/54 hp.
MASSIVE DAMAGE!! (PAUSE)
You lost 1 mp, and now have 2/11 mp.
The meliai zombie hits you.
* * * LOW HITPOINT WARNING * * *
The meliai zombie barely misses you.
HP[-2] MP[-1]
You take 2 damage, and now have 4/54 hp.
You lost 1 mp, and now have 1/11 mp.
You hit the meliai zombie but do no damage.
Your transformation is almost over.
The meliai zombie barely misses you. The meliai zombie misses you.
The meliai zombie closely misses you.
The meliai zombie completely misses you.
You hit the meliai zombie but do no damage.
The meliai zombie barely misses you.
The meliai zombie hits you but does no damage.
You bite the meliai zombie!
You destroy the meliai zombie!
The meliai zombie completely misses you.
The meliai zombie closely misses you.
You have reached level 9!
Your experience leads to an increase in your attributes!
Your base attributes are Str 9, Int 16, Dex 14.
Increase (S)trength, (I)ntelligence, or (D)exterity?
You feel agile. x2
HP[+1]
You now have 60 max hp (+6).
You hit the meliai zombie but do no damage.
The meliai zombie closely misses you. The meliai zombie misses you.
You bite the meliai zombie! The meliai zombie closely misses you.
The meliai zombie hits you!
You die...

Skill      XL: |  1  2  3  4  5  6  7  8 |
---------------+-------------------------+-----
Stealth        | 1 2 3 4 5 |  5.0
Fighting       | 2 3 4 |  4.9
Unarmed Combat | 4 5 6 7 |  7.7
Dodging        | 3 4 5 |  5.2
Ice Magic      | 2 |  2.6
Transmutations | 3 |  3.5
Spellcasting   | |  2.0

Action                   |  1- 3 |  4- 6 |  7- 9 || total
-------------------------+-------+-------+-------++-------
Melee: Unarmed           |    67 |    20 |    88 ||   175
       Constrict         |    20 |    18 |    25 ||    63
       Kick              |    14 |    17 |    23 ||    54
       Tentacles         |    12 |    13 |    38 ||    63
       Punch             |     3 |     4 |     6 ||    13
       Dagger            |       |    61 |   104 ||   165
       Morningstar       |       |     2 |       ||     2
 Cast: Beastly Appendage |    21 |     7 |    24 ||    52
       Spider Form       |       |     2 |    14 ||    16
 Stab: Sleeping          |     9 |     4 |     4 ||    17
Armor: Skin              |     6 |    24 |    26 ||    56
Dodge: Dodged            |    33 |    60 |   144 ||   237

Levels and vault maps discovered:
D:1:      mushboom_english_gardens, layout_rooms, serial_shops, shop
D:2:      layout_basic, chequers_ecumenical_altar_twisty
D:3:      layout_basic, minmay_divided_ellipse, uniq_jessica
D:4:      minmay_diamond_boxcup, layout_loops_ring, nicolae_underground_beach,
          uniq_sigmund
D:5:      cheibrodos_thug_alley, layout_loops_ring,
          nicolae_wu_jian_immortal_techniques, lemuel_crystal_altar,
          enter_ossuary_2
D:6:      minmay_opposing_rooms, layout_rooms, elyvilon_altar_4,
          makhleb_blood_cavern_becter, minmay_temple_entry_waves
Temple:   nicolae_temple_figure_eight

Notes
Turn   | Place    | Note
-------+----------+-------------------------------------------
     0 | D:1      | zeratav the Octopode Transmuter began the quest for the
                  | Orb.
     0 | D:1      | Reached XP level 1. HP: 13/13 MP: 3/3
     0 | D:1      | magus.rc [v1.9.6]
   162 | D:1      | Found Xytum's Distillery.
   162 | D:1      | You fall into a shaft and drop 1 floor!
   206 | D:2      | Found a faded altar of an unknown god.
   358 | D:1      | Reached XP level 2. HP: 15/18 MP: 3/5
   360 | D:1      | Reached skill level 1 in Stealth
   804 | D:1      | Reached XP level 3. HP: 19/23 MP: 6/6
  1795 | D:3      | You pick up a book of Blood and begin reading...
  1795 | D:3      | You add the spells Sublimation of Blood and Summon Hydra to
                  | your library.
  1878 | D:3      | Reached skill level 2 in Stealth
  2087 | D:3      | Reached XP level 4. HP: 14/29 MP: 7/7
  2296 | D:3      | Noticed Jessica
  2333 | D:3      | Killed Jessica
  2334 | D:3      | Reached skill level 2 in Fighting
  2334 | D:3      | Reached skill level 4 in Unarmed Combat
  2652 | D:3      | Noticed a steam dragon
  2871 | D:4      | Reached XP level 5. HP: 33/34 MP: 6/8
  2885 | D:4      | Reached skill level 3 in Stealth
  2895 | D:4      | Reached skill level 3 in Dodging
  2946 | D:4      | Noticed an ogre
  3138 | D:4      | Learned a level 3 spell: Spider Form
  3163 | D:4      | HP: 6/35 [ogre/+0 giant club (4)]
  3176 | D:4      | Killed an ogre
  3177 | D:4      | Reached XP level 6. HP: 9/41 MP: 3/9
  3581 | D:4      | Reached skill level 5 in Unarmed Combat
  3668 | D:4      | Noticed Sigmund
  3682 | D:4      | Killed Sigmund
  3683 | D:4      | Reached skill level 3 in Fighting
  3683 | D:4      | Reached skill level 4 in Stealth
  3683 | D:4      | Reached XP level 7. HP: 22/46 MP: 10/10
  4143 | D:4      | HP: 3/46 [ogre/+0 giant club (28)]
  4879 | D:5      | Entered Level 5 of the Dungeon
  4923 | D:5      | Reached skill level 4 in Dodging
  4923 | D:5      | Reached skill level 6 in Unarmed Combat
  4934 | D:5      | Reached skill level 5 in Stealth
  5001 | D:5      | Found a sand-covered staircase.
  5007 | Ossuary  | Entered an ossuary
  5797 | D:5      | Reached skill level 4 in Fighting
  5797 | D:5      | Reached XP level 8. HP: 44/54 MP: 7/11
  6077 | D:5      | Found an opulent altar of Gozag.
  6390 | D:5      | Reached skill level 1 in Ice Magic
  6775 | D:5      | Found an ornate altar of the Wu Jian Council.
  7049 | D:6      | Reached skill level 7 in Unarmed Combat
  7235 | D:6      | Reached skill level 3 in Transmutations
  7436 | D:6      | Found a staircase to the Ecumenical Temple.
  7468 | D:6      | Reached skill level 2 in Ice Magic
  7475 | Temple   | Entered the Ecumenical Temple
  7849 | D:6      | Found a white marble altar of Elyvilon.
  7888 | D:6      | Reached skill level 5 in Dodging
  8115 | D:6      | HP: 12/54 [meliai zombie (6)]
  8116 | D:6      | HP: 4/54 [meliai zombie (2)]
  8120 | D:6      | Reached XP level 9. HP: 5/60 MP: 1/12
  8121 | D:6      | Slain by a meliai zombie

Vanquished Creatures
  A meliai zombie (D:6)
  Sigmund (D:4)
  A vampire mosquito (D:6)
  A black bear (D:5)
  4 ogres
  A necrophage (D:5)
  A centaur (D:5)
  A phantom (D:4)
  2 kobold brigands
  A howler monkey (D:6)
  A jelly (D:5)
  3 hounds
  A bullfrog skeleton (D:4)
  Jessica (D:3)
  3 iguanas
  A killer bee zombie (D:6)
  6 mummies (Ossuary)
  4 adders
  2 white imps (D:6)
  An ufetubus (D:3)
  An adder skeleton (D:4)
  2 worms (D:4)
  3 dart slugs
  4 orcs
  7 ball pythons
  7 endoplasms
  3 giant cockroaches
  2 gnoll zombies (Ossuary)
  9 goblins
  5 hobgoblins
  2 jackals (D:1)
  14 kobolds
  2 quokkas
  4 bats
  A frilled lizard (D:3)
  A goblin zombie (Ossuary)
  A hobgoblin zombie (Ossuary)
  A kobold zombie (Ossuary)
  3 orc zombies (Ossuary)
  8 rats
117 creatures vanquished.

Table legend:
 A = Non-vault XP
 B = Vault XP
 C = Vault XP percentage of total XP
 D = Non-vault monster count
 E = Vault monster count
 F = Vault count percentage of total count
                 A         B        C        D         E       F
            +---------+---------+-------+---------+---------+-------
      Total |    1598 |     975 |  37.9 |      73 |      44 |  37.6
            +---------+---------+-------+---------+---------+-------
        D:1 |      40 |       0 |   0.0 |      22 |       0 |   0.0
        D:2 |      14 |       0 |   0.0 |       9 |       0 |   0.0
        D:3 |      29 |      54 |  65.1 |       8 |       7 |  46.7
        D:4 |     346 |     410 |  54.2 |      17 |      11 |  39.3
        D:5 |     658 |     109 |  14.2 |       9 |      10 |  52.6
        D:6 |     511 |     285 |  35.8 |       8 |       2 |  20.0
    Ossuary |       0 |     117 | 100.0 |       0 |      14 | 100.0
            +---------+---------+-------+---------+---------+-------

Illustrated notes

Table legend:
 A = Kills in this place as a percentage of kills in entire the game.
 B = Kills by you in this place as a percentage of kills by you in the entire game.
 C = Kills by friends in this place as a percentage of kills by friends in the entire game.
 D = Other kills in this place as a percentage of other kills in the entire game.
 E = Experience gained in this place as a percentage of experience gained in the entire game.
 F = Experience gained in this place divided by the number of levels of this place that you have seen.
                   A       B       C       D       E      F
               +-------+-------+-------+-------+-------+----------------------
         Total | 100.0 | 100.0 |   N/A |   N/A | 100.0 | 321.6
       Dungeon |  88.0 |  88.0 |   N/A |   N/A |  95.5 | 409.3
       Ossuary |  12.0 |  12.0 |   N/A |   N/A |   4.5 | 117.0
               +-------+-------+-------+-------+-------+----------------------

Table legend: (Time is in decaauts)
 A = Elapsed time spent in this place.
 B = Non-inter-level travel time spent in this place.
 C = Inter-level travel time spent in this place.
 D = Time resting spent in this place.
 E = Time spent auto-exploring this place.
 F = Levels seen in this place.
 G = Mean time per level.
                   A        B        C        D        E       F      G
               +--------+--------+--------+--------+--------+-----+--------+
         Total |   8106 |   7831 |    275 |   2302 |   4045 |   8 | 1013.2 |
       Dungeon |   7102 |   6863 |    239 |   1878 |   3786 |   6 | 1183.7 |
        Temple |    299 |    263 |     36 |      0 |    259 |   1 |  299.0 |
       Ossuary |    704 |    704 |      0 |    424 |      0 |   1 |  704.0 |
               +--------+--------+--------+--------+--------+-----+--------+

Top non-repeatable levels by time:
     D:4: 2109 daAuts
     D:5: 1431 daAuts
     D:3: 1007 daAuts
     D:1: 912 daAuts
     D:2: 844 daAuts
     D:6: 797 daAuts
 Ossuary: 704 daAuts
  Temple: 299 daAuts
